 Dungeon Crawl Stone Soup version 0.18.1-8-gdd0e5ea (webtiles) character file.

210 Romlok the Cudgeler (level 5, -10/30 HPs)
             Began as a Tengu Enchanter on May 21, 2016.
             Mangled by a wyvern (19 damage)
             ... on level 4 of the Dungeon.
             The game lasted 00:29:35 (4655 turns).

Romlok the Cudgeler (Tengu Enchanter)               Turns: 4655, Time: 00:29:36

Health: -10/30     AC:  4    Str:  8 (9)  XL:     5   Next: 87%
Magic:  9/9        EV: 12    Int: 16      God:
Gold:   193        SH:  0    Dex: 15 (17) Spells: 1 memorised, 7 levels left

rFire  . . .     SeeInvis .     p - +2 whip
rCold  . . .     Gourm    +     b - +1 robe
rNeg   . . .     Faith    .     (no shield)
rPois  .         Spirit   .     (helmet restricted)
rElec  .         Dismiss  .     t - +0 cloak
rCorr  .         Reflect  .     (no gloves)
SustAt .         Harm     .     (boots unavailable)
MR     .....                    s - amulet of the gourmand
Stlth  ++........               (no ring)
                                j - +3 ring of dexterity

@: very slightly contaminated, not resistant to hostile enchantments, unstealthy
A: beak, talons 3, mutation resistance 1, able to fly 1
a: Fly


You were on level 4 of the Dungeon.
You were very full.

You visited 1 branch of the dungeon, and saw 5 of its levels.

You collected 193 gold pieces.

Inventory:

Hand Weapons
 a - a +1 dagger
 e - a +0 blowgun
 p - a +2 whip (weapon)
 q - a +0 flail
Missiles
 i - 6 needles of sleeping
 k - 2 poisoned needles
 m - 138 stones (quivered)
 v - 3 tomahawks of returning
Armour
 b - a +1 robe (worn)
 f - a +2 ring mail of cold resistance
 t - a +0 cloak (worn)
Magical Staves
 d - a cursed staff of fire {unknown}
Jewellery
 j - a +3 ring of dexterity (left hand)
 s - an amulet of the gourmand (around neck)
Scrolls
 g - a scroll of enchant weapon
 l - a scroll of blinking
 n - 3 scrolls of identify
Potions
 u - 2 potions of curing
Books
 c - a book of Maledictions

   Spells                             Type                      Level
   a - Corona                         Hexes                        1
   b - Ensorcelled Hibernation        Hexes/Ice                    2
   c - Confuse                        Hexes                        3
   d - Tukima's Dance                 Hexes                        3
   e - Dazzling Spray                 Conjuration/Hexes            3
Comestibles
 o - a royal jelly
 r - 2 meat rations


   Skills:
 - Level 2.0 Fighting
 - Level 1.1 Short Blades
 * Level 4.7 Maces & Flails
 + Level 2.2 Armour
 - Level 2.1 Dodging
 - Level 3.0 Stealth
 - Level 2.0 Spellcasting
 - Level 2.1 Hexes


You had 7 spell levels left.
You knew the following spells:

 Your Spells              Type           Power        Failure   Level  Hunger
a - Corona                Hex            #......      10%         1    #......


Dungeon Overview and Level Annotations

Branches:
Dungeon (5/15)
 Temple: D:4-7

Altars:
Gozag
Makhleb
Xom
Zin

Annotations:
D:4 exclusion: ogre, Gargoyl's ghost, amateur DsAK; Grinder
D:5 Dowan; Duvessa


Innate Abilities, Weirdness & Mutations

You have a beak for a mouth.
You have claws for feet.
You can fly.
You are somewhat resistant to further mutation.


Message History

You hit Dowan but do no damage.
Dowan is almost dead.
Duvessa barely misses you. Dowan hits you with a dagger.
You barely miss Dowan.
Dowan is almost dead.
Duvessa hits you with a short sword.
* * * LOW HITPOINT WARNING * * *
Dowan hits you with a dagger.
* * * LOW HITPOINT WARNING * * *
Read which item? (? for menu, Esc to quit)
Blink to where?
Press: ? - help, Dir - move target cursor You are very lightly contaminated with residual magic.
As you read the scroll of blinking, it crumbles to dust.
There is a stone staircase leading up here.
You climb upwards.
Level annotation: exclusion: ogre, Gargoyl's ghost, amateur DsAK; Grinder The wyvern barely misses you.
The wyvern bites you!!
Ouch! That really hurt!
You die...

#....##### #.#.###.#.#
#.##.# #.......#.#
#.##'#########.###.#.#
._...............#.#.#
#.#...######.[.#.#.#.#
#.<...# #.###.#.#.#
####### #.........#
################.#.###
................@#.#
###########.####l#.#
###.........#....#.#
............#..#.#.#
#.#.........#....#.#
#.#.........#.####.#
#.#.........#....#.#
..#......l..+..#.#.#
#.#.........##.#.#.#


You could see a wyvern.

Vanquished Creatures
  A giant frog zombie (D:5)
  A giant frog skeleton (D:4)
  An orc wizard (D:3)
  3 adders
  3 worms
  2 dart slugs (D:1)
  6 giant geckos
  8 orcs
  4 giant cockroaches (D:1)
  6 goblins
  8 hobgoblins
  3 jackals (D:3)
  A bat (D:2)
  4 giant newts
  11 kobolds
  8 rats
70 creatures vanquished.

Notes
Turn   | Place    | Note
--------------------------------------------------------------
     0 | D:1      | Romlok the Tengu Enchanter began the quest for the Orb.
     0 | D:1      | Reached XP level 1. HP: 10/10 MP: 4/4
    84 | D:1      | Reached skill level 1 in Fighting
   135 | D:1      | Reached XP level 2. HP: 5/16 MP: 6/6
   431 | D:1      | Reached skill level 1 in Maces & Flails
   964 | D:1      | Reached XP level 3. HP: 21/21 MP: 7/7
   970 | D:1      | Gained mutation: You are somewhat resistant to further mutation. [potion of mutation]
  1108 | D:1      | Reached skill level 2 in Maces & Flails
  1719 | D:2      | Found a burning altar of Makhleb.
  2003 | D:2      | Reached XP level 4. HP: 26/26 MP: 6/8
  2022 | D:2      | Found an opulent altar of Gozag.
  2207 | D:2      | Reached skill level 3 in Maces & Flails
  2340 | D:2      | Found a shimmering altar of Xom.
  2711 | D:3      | Reached skill level 1 in Armour
  3309 | D:4      | Noticed an ogre
  3392 | D:4      | Found a glowing silver altar of Zin.
  3505 | D:3      | Reached skill level 4 in Maces & Flails
  3505 | D:3      | Gained mutation: You can fly. [Tengu growth]
  3505 | D:3      | Reached XP level 5. HP: 11/30 MP: 9/9
  3922 | D:4      | Noticed Gargoyl's ghost (amateur DsAK)
  4085 | D:4      | Noticed Grinder
  4237 | D:4      | Noticed a wyvern
  4566 | D:5      | Entered Level 5 of the Dungeon
  4566 | D:5      | Noticed Dowan
  4640 | D:5      | Noticed Duvessa
  4655 | D:4      | Mangled by a wyvern

Skill      XL: |  1  2  3  4  5 |
---------------+----------------+-----
Fighting       | 1 2 |  2.0
Maces & Flails | 1 2 4 |  4.7
Armour         | 1 2 |  2.2
Short Blades   | |  1.1
Dodging        | |  2.1
Stealth        | |  3.0
Spellcasting   | |  2.0
Hexes          | |  2.1

Action                   |  1- 3 |  4- 6 || total
-------------------------+-------+-------++-------
Melee: Dagger            |    70 |       ||    70
       Kick              |    23 |    29 ||    52
       Peck              |     9 |    23 ||    32
       Whip              |    27 |   142 ||   169
Throw: Stone             |     4 |     7 ||    11
 Cast: Corona            |     5 |     4 ||     9
 Abil: Fly               |       |     1 ||     1
  Use: Potion            |     5 |     5 ||    10
       Scroll            |     5 |     7 ||    12
 Stab: Sleeping          |     6 |     7 ||    13
  Eat: Chunk             |     3 |    18 ||    21
       Bread ration      |       |     1 ||     1
Armor: Robe              |    10 |    24 ||    34
Dodge: Dodged            |    39 |    67 ||   106
